 Dungeon Crawl Stone Soup version 0.23.2-30-g0e89c35649 (webtiles) character file.

Game seed: 16390245600399265022

98 Kobolds4U the Sneak (level 4, 0/25 HPs)
             Began as a Deep Elf Conjurer on June 16, 2019.
             Slain by Sigmund
             ... wielding a +0 scythe
              (9 damage)
             ... on level 2 of the Dungeon.
             The game lasted 00:06:24 (2659 turns).

Kobolds4U the Sneak (Deep Elf Conjurer)             Turns: 2659, Time: 00:06:24

Health: 0/25       AC:  2    Str:  6    XL:     4   Next: 43%
Magic:  6/10       EV: 13    Int: 20    God:
Gold:   84         SH:  0    Dex: 15    Spells: 3/9 levels left

rFire    . . .     SeeInvis .   i - +0 dagger
rCold    . . .     Gourm    .   (no shield)
rNeg     . . .     Faith    .   a - +0 robe
rPois    .         Spirit   .   (no helmet)
rElec    .         Reflect  .   (no cloak)
rCorr    .         Harm     .   (no gloves)
MR       .....                  (no boots)
Stlth    +++.......             (no amulet)
HPRegen  0.08/turn              (no ring)
MPRegen  0.12/turn              (no ring)

@: no status effects
A: no striking features
a: no special abilities


You were on level 2 of the Dungeon.
You were not hungry.

You visited 1 branch of the dungeon, and saw 2 of its levels.

You collected 84 gold pieces.

Inventory:

Hand Weapons
 b - a +0 short sword
 i - a +0 dagger (weapon)
Missiles
 s - 46 stones (quivered)
Armour
 a - a +0 robe (worn)
Jewellery
 m - an uncursed ring of fire
Scrolls
 f - 2 scrolls of teleportation {unknown}
 g - 3 scrolls of magic mapping {unknown}
 h - a scroll of immolation {unknown}
 j - a scroll of remove curse {unknown}
 l - 4 scrolls of noise {unknown}
 n - a scroll of enchant armour {unknown}
 p - a scroll of enchant weapon {unknown}
 r - a scroll of identify {unknown}
 t - a scroll of blinking {unknown}
Potions
 d - a potion of mutation {unknown}
 e - a potion of agility
 k - a potion of berserk rage {unknown}
 o - 3 potions of curing {unknown}
Comestibles
 c - 4 rations


   Skills:
 + Level 1.2 Fighting
 - Level 1.0 Short Blades
 - Level 2.4 Dodging
 * Level 5.3 Stealth
 - Level 3.0 Spellcasting
 - Level 4.3 Conjurations


You had 3 spell levels left.
You knew the following spells:

 Your Spells              Type           Power        Failure   Level  Hunger
a - Magic Dart            Conj           ###.         2%          1    None
b - Searing Ray           Conj           ###...       3%          2    ##.....
c - Dazzling Spray        Conj/Hex       ##....       17%         3    ###....

Your spell library contained the following spells:

 Spells                   Type           Power        Failure   Level  Hunger
 Iskenderun's Mystic Bla  Conj           ###.....     24%         4    ####...
 Force Lance              Conj/Tloc      ##......     50%         4    ####...
 Fulminant Prism          Conj/Hex       ##........   50%         4    ####...


Dungeon Overview and Level Annotations

Branches:
Dungeon (2/15)

Altars:
Gozag

Annotations:
D:2 Sigmund


Message History

Confirm with . or Enter, or press ? or * to list all spells.
Aiming: Dazzling Spray (safe; 17% risk of failure)
Press: ? - help, Shift-Dir - straight line, f/p - Sigmund
Aim: Sigmund, wielding a +0 scythe and wearing a +0 leather armour (lightly wounded)
The spray of energy hits Sigmund.
Sigmund is moderately wounded.
Sigmund is dazzled.
Casting: Dazzling Spray (safe; 17% risk of failure)
Confirm with . or Enter, or press ? or * to list all spells.
Aiming: Dazzling Spray (safe; 17% risk of failure)
Press: ? - help, Shift-Dir - straight line, f/p - Sigmund
Aim: Sigmund, wielding a +0 scythe and wearing a +0 leather armour (moderately wounded, blind)
Okay, then.
Sigmund points at you and mumbles some strange words.
You resist with some effort.
You hit Sigmund but do no damage.
Sigmund is moderately wounded.
Sigmund is no longer blind.
Sigmund hits you with a +0 scythe!
Sigmund hits you from afar with a +0 scythe!
You die...

######## #######
#......#
......#########......#
#####.##.............#
#.##.............# #
#.##........@.#### ##
#.##..........# .#
#.##......@...# .#
#.##..)..รท....#
)####.............#
##.#####..........#
#..#.......#'######
.#######.###.#######
########.....#......


You could see Sigmund.

Vanquished Creatures
  Natasha (D:2)
  An adder (D:2)
  2 worms (D:2)
  A leopard gecko (D:1)
  2 giant cockroaches (D:1)
  10 goblins
  8 hobgoblins
  4 jackals (D:1)
  5 kobolds
  A quokka (D:2)
  7 bats (D:1)
  3 frilled lizards (D:1)
  8 rats
53 creatures vanquished.

Notes
Turn   | Place    | Note
-------+----------+-------------------------------------------
     0 | D:1      | Kobolds4U the Deep Elf Conjurer began the quest for the
                  | Orb.
     0 | D:1      | Reached XP level 1. HP: 10/10 MP: 6/6
   187 | D:1      | Reached skill level 3 in Stealth
   318 | D:1      | Reached XP level 2. HP: 15/15 MP: 5/8
   437 | D:1      | Learned a level 2 spell: Searing Ray
   561 | D:1      | Reached skill level 4 in Stealth
   735 | D:1      | Reached skill level 1 in Short Blades
   787 | D:1      | Reached XP level 3. HP: 9/19 MP: 5/9
  1668 | D:2      | Noticed Sigmund
  1927 | D:2      | Noticed Natasha
  1940 | D:2      | Killed Natasha
  1940 | D:2      | Reached skill level 1 in Fighting
  1940 | D:2      | Reached skill level 5 in Stealth
  1940 | D:2      | Reached XP level 4. HP: 15/25 MP: 5/10
  2356 | D:2      | Learned a level 3 spell: Dazzling Spray
  2503 | D:2      | Found an opulent altar of Gozag.
  2659 | D:2      | Slain by Sigmund

Skill      XL: |  1  2  3 |
---------------+----------+-----
Stealth        | 3 4 5 |  5.3
Short Blades   | 1 |  1.0
Fighting       | 1 |  1.2
Dodging        | |  2.4
Spellcasting   | |  3.0
Conjurations   | |  4.3

Action                   |  1- 3 |  4- 6 || total
-------------------------+-------+-------++-------
Melee: Short sword       |     2 |       ||     2
       Dagger            |    51 |    21 ||    72
 Cast: Magic Dart        |    35 |     4 ||    39
       Searing Ray       |     5 |     5 ||    10
       Dazzling Spray    |       |     1 ||     1
 Stab: Sleeping          |     6 |     2 ||     8
  Eat: Chunk             |     3 |     3 ||     6
Armor: Robe              |    16 |     2 ||    18
Dodge: Dodged            |    67 |    15 ||    82
